 Dungeon Crawl Stone Soup version 0.29-a0-321-gf1c400731a (console) character file.

Game seed: 8425922238326470460

27839 Ignak the Fighter (level 13, 0/135 HPs)
             Began as an Ogre Warper on Apr 4, 2022.
             Was a High Priest of Okawaru.
             Slain by a quicksilver ooze (5 damage)
             ... in an ice cave.
             The game lasted 01:22:26 (17587 turns).

Ignak the Fighter (Ogre Warper)                    Turns: 17587, Time: 01:22:27

Health: 0/135      AC:  9    Str: 22    XL:     13   Next: 35%
Magic:  0/34       EV: 10    Int: 14    God:    Okawaru [*****.]
Gold:   1647       SH: 18    Dex: 13    Spells: 3/28 levels left

rFire   . . .      SeeInvis +   I - +3 war axe (freeze)
rCold   + + .      Faith    .   L - +5 kite shield of Impermeability {rC++}
rNeg    . . .      Spirit   .   a - +1 troll leather armour "Uliwkoz" {Regen+ Dex+5}
rPois   .          Reflect  +   (helmet restricted)
rElec   .          Harm     .   g - +0 cloak
rCorr   .          Rampage  .   (gloves unavailable)
Will    +....                   (boots unavailable)
Stlth   +.........              w - amulet of reflection
HPRegen 1.12/turn               e - ring of magical power
MPRegen 0.24/turn               i - ring of see invisible

@: mighty, engulfed (cannot breathe)
A: large, unfitting armour, tough skin 1, antennae 1, talons 1, iridescent
scales 1, evolution 1
a: Renounce Religion, Heroism, Finesse, Duel


You were in an ice cave.
You worshipped Okawaru.
Okawaru was extremely pleased with you.
You visited 4 branches of the dungeon, and saw 15 of its levels.
You also visited: Bailey and Ice Cave.

You collected 1834 gold pieces.
You spent 187 gold pieces at shops.

Inventory:

Hand Weapons
 c - a +0 giant spiked club
 d - a +2 dagger of venom
 y - a +4 morningstar
 F - a +1 short sword of holy wrath
 I - a +3 war axe of freezing (weapon)
 M - the +6 war axe of the Head {elec, Contam *Slow rC+++ Will+++}
   (You bought it in a shop on level 2 of the Orcish Mines)

   It occasionally discharges a powerful burst of electricity upon striking a
   foe.
   rC:        It renders you almost immune to cold.
   Contam:    It causes magical contamination when unequipped.
   *Slow:     It may slow you when you take damage.
   Will:      It greatly increases your willpower.
 R - a +4 fustibalus of freezing
Missiles
 q - 5 large rocks (quivered)
 s - 21 poisoned darts
 H - 13 boomerangs
 K - 2 boomerangs of dispersal
Armour
 a - the +1 troll leather armour "Uliwkoz" (worn) {Regen+ Dex+5}
   (You acquired it on level 6 of the Dungeon)

   Dex:       It affects your dexterity (+5).
   Regen:     It increases your rate of health regeneration.
 g - a +0 cloak (worn)
 L - the +5 kite shield of Impermeability (worn) {rC++}
   (Okawaru gifted it to you on level 1 of the Orcish Mines)

   rC:        It greatly protects you from cold.
Jewellery
 e - a ring of magical power (left hand)
 i - a ring of see invisible (right hand)
 l - a +6 ring of dexterity
 p - a ring of positive energy
 v - a ring of ice
 w - an amulet of reflection (around neck)
 z - a ring of ice
 C - an amulet of guardian spirit
 G - a +6 ring of dexterity
Wands
 B - a wand of digging (4)
 J - a wand of acid (1)
 Q - a wand of flame (10)
Scrolls
 h - 3 scrolls of amnesia
 j - 2 scrolls of immolation
 k - a scroll of enchant weapon
 o - a scroll of fog
 r - 3 scrolls of identify
 t - a scroll of blinking
 x - 2 scrolls of enchant armour
 N - a scroll of vulnerability
 O - a scroll of teleportation
Potions
 b - a potion of flight
 f - 5 potions of heal wounds
 m - 3 potions of curing
 n - a potion of resistance
 u - 2 potions of haste
 A - a potion of might
 D - 3 potions of mutation
 E - a potion of lignification
 P - a potion of magic


   Skills:
 + Level 10.4 Fighting
 - Level 1.0(5.2) Axes
 * Level 7.5 Maces & Flails
 - Level 6.0 Throwing
 + Level 6.9 Dodging
 * Level 3.7 Shields
 + Level 8.2 Spellcasting
 - Level 5.0 Conjurations
 - Level 2.0 Necromancy
 - Level 6.6 Translocations
 - Level 4.1 Transmutations
 - Level 5.0 Fire Magic
 - Level 3.0 Air Magic
 + Level 6.2 Poison Magic
 + Level 5.7 Invocations


You had 3 spell levels left.
You knew the following spells:

 Your Spells              Type           Power      Damage    Failure   Level
a - Teleport Other        Tloc           24%        N/A       7%          3
b - Blink                 Tloc           48%        N/A       3%          2
c - Wereblood             Tmut           17%        N/A       9%          2
d - Mephitic Cloud        Conj/Pois/Air  19%        N/A       14%         3
e - Sticky Flame          Conj/Fire      19%        2d4       38%         4
f - Ignite Poison         Fire/Tmut/Pois 20%        N/A       12%         3
g - Sublimation of Blood  Necr           11%        N/A       22%         2
s - Searing Ray           Conj           38%        2d5       6%          2
z - Olgreb's Toxic Radia  Pois           23%        N/A       26%         4

Your spell library contained the following spells:

 Spells                   Type           Power      Damage    Failure   Level
 Apportation              Tloc           48%        N/A       2%          1
 Magic Dart               Conj           76%        1d6       4%          1
 Sting                    Tmut/Pois      80%        1d7       4%          1
 Gell's Gravitas          Tloc           24%        N/A       7%          3
 Lesser Beckoning         Tloc           24%        N/A       7%          3
 Poisonous Vapours        Pois/Air       36%        N/A       8%          2
 Static Discharge         Conj/Air       17%        N/A       10%         2
 Portal Projectile        Hex/Tloc       30%        N/A       26%         3
 Iskenderun's Mystic Bla  Conj/Tloc      22%        2d6       30%         4
 Manifold Assault         Tloc           24%        N/A       52%         5
 Fulminant Prism          Conj/Hex       6%         3d7       77%         4
 Dispel Undead            Necr           11%        3d9       83%         4
 Freezing Cloud           Conj/Ice/Air   6%         6-21      97%         5
 Leda's Liquefaction      Hex/Erth       2%         N/A       98%         4
 Lee's Rapid Deconstruct  Erth           2%         3d6*      100%        5
 Animate Skeleton         Necr           Unusable   N/A       N/A         1
 Summon Small Mammal      Summ           Unusable   N/A       N/A         1
 Call Imp                 Summ           Unusable   N/A       N/A         2
 Call Canine Familiar     Summ           Unusable   N/A       N/A         3
 Summon Hydra             Summ           Unusable   N/A       N/A         7

Dungeon Overview and Level Annotations

Branches:
Dungeon (11/15)            Temple (1/1) D:6            Lair (0/6) D:10
    Orc (2/2) D:9             Elf (1/3) Orc:2        Bailey (visited)
  IceCv (1/1)

Altars:
Ashenzari
Cheibriados
Dithmenos
Elyvilon
Fedhas
Gozag
Hepliaklqana
Kikubaaqudgha
Makhleb
Nemelex Xobeh
Okawaru
Qazlal
Ru
Sif Muna
Trog
Uskayaw
Vehumet
Wu Jian
Xom
Yredelemnul
Zin
The Shining One
Beogh
Jiyva

Shops:
Orc:2 (:[*

Annotations:
D:7 1 runed translucent door, ouz's ghost, novice OpBr
D:10 3 runed translucent doors, ouz's ghost, journeyman MiGl
D:11 1 runed translucent door, HotDog's ghost, novice GrFi


Innate Abilities, Weirdness & Mutations

You are too large for most types of armour.
You have tough skin. (AC +1)
You have a pair of small antennae on your head.
You have sharp toenails.
You are partially covered in iridescent scales. (AC +2)
You have hidden genetic potential.


Message History

The quicksilver ooze hits you! x2
You feel your power leaking away.
You block the quicksilver ooze's attack. x2
Press: ? - help, v - describe, . - travel
Here: a quicksilver ooze The floor.
Okay, then.
You feel very mighty all of a sudden.
Your lungs strain for air!
The quicksilver ooze hits you. The quicksilver ooze hits you!
You feel your power leaking away.
You slice the quicksilver ooze!! You freeze the quicksilver ooze.
Your kick misses the quicksilver ooze.
The quicksilver ooze is heavily wounded.
Your lungs strain for air!
You block the quicksilver ooze's attack. x2
The quicksilver ooze hits you!!
* * * LOW HITPOINT WARNING * * *
The quicksilver ooze hits you.
* * * LOW HITPOINT WARNING * * *
You feel your power leaking away. The quicksilver ooze hits you.
* * * LOW HITPOINT WARNING * * *
The quicksilver ooze hits you.
* * * LOW HITPOINT WARNING * * *
You feel your power leaking away.
Throw: 6 large rocks
Press: ? - help, Q - select action, (/) - cycle Shift-Dir - straight line, f/p - quicksilver ooze
Aim: a quicksilver ooze (heavily wounded, 51% to hit)
You throw a large rock.
The large rock closely misses the quicksilver ooze.
* * * LOW HITPOINT WARNING * * *
Your lungs strain for air!
The quicksilver ooze closely misses you.
The quicksilver ooze hits you!
* * * LOW HITPOINT WARNING * * *
You feel your power leaking away.
You block the quicksilver ooze's attack. x2
The quicksilver ooze hits you.
You die...

##### ##.∩.##
#..∩..# ##...##
##.## ##.##
####...####
####(J@......####
#.....#####.....###
#.....###
####....##
#....#### ###...#
.....## ##.....#
....# #..... ...#
..... ... .... ..
....


You could see a quicksilver ooze.

Vanquished Creatures
  2 orc warlords (Orc:2)
  Fannar (Orc:2)
  Erolcha (D:10)
  Erica (Orc:1)
  3 two-headed ogres
  4 orc high priests (Orc:2)
  Nergalle (Orc:1)
  5 orc knights (Orc:2)
  An ugly thing (D:11)
  3 orc sorcerers (Orc:2)
  A cyclops (Orc:2)
  Maurice (D:11)
  2 gargoyles
  2 trolls (D:9)
  A hornet (D:10)
  4 slime creatures (IceCv)
  Prince Ribbit (D:6)
  A vampire (D:11)
  Sigmund (D:4)
  3 shadows
  2 wyverns (D:10)
  14 yaks
  5 vampire mosquitoes
  A basilisk (D:10)
  2 steam dragons
  Menkaure (D:7)
  2 wargs (Orc:2)
  2 acid dragons (D:11)
  36 orc warriors
  A water moccasin (D:8)
  A sky beast (D:6)
  A black bear (D:8)
  A swamp drake (D:10)
  5 ogres
  5 centaurs
  2 kobold brigands
  4 scorpions
  A necrophage (D:6)
  19 wights
  A killer bee (D:8)
  4 howler monkeys
  4 hounds
  A jelly (D:5)
  23 orc priests
  A gnoll shaman (D:7)
  3 iguanas
  29 orc wizards
  9 adders
  21 gnolls
  A naga simulacrum (D:11)
  6 shadow imps
  An ufetubus (D:4)
  3 worms
  4 dart slugs
  105 orcs
  8 endoplasms
  4 giant cockroaches
  10 goblins
  12 hobgoblins
  3 jackals (D:5)
  A quokka (D:3)
  8 ball pythons
  6 bats
  4 frilled lizards
  16 kobolds
  8 rats
440 creatures vanquished.

Vanquished Creatures (others)
  A basilisk (D:10)
  A kobold (D:7)
  2 withered plants (D:7)
4 creatures vanquished.

Grand Total: 444 creatures vanquished

Notes
Turn   | Place    | Note
-------+----------+-------------------------------------------
     0 | D:1      | Ignak the Ogre Warper began the quest for the Orb.
     0 | D:1      | Reached XP level 1. HP: 22/22 MP: 3/3
   183 | D:1      | Reached XP level 2. HP: 15/29 MP: 5/5
   195 | D:1      | Learned a level 2 spell: Blink
   361 | D:1      | Learned a level 2 spell: Wereblood
   369 | D:1      | Reached skill level 3 in Fighting
   521 | D:1      | Found a faded altar of an unknown god.
   914 | D:1      | Reached XP level 3. HP: 37/37 MP: 6/6
  1272 | D:2      | Learned a level 2 spell: Sublimation of Blood
  1748 | D:2      | Reached XP level 4. HP: 35/45 MP: 8/8
  2879 | D:3      | Reached XP level 5. HP: 52/54 MP: 9/9
  2894 | D:3      | Found a radiant altar of Vehumet.
  3041 | D:3      | Found a glowing golden altar of the Shining One.
  3061 | D:3      | Learned a level 3 spell: Mephitic Cloud
  3475 | D:4      | Reached skill level 1 in Transmutations
  3759 | D:4      | Noticed Sigmund
  3777 | D:4      | Killed Sigmund
  3778 | D:4      | Reached skill level 4 in Fighting
  3778 | D:4      | Reached skill level 1 in Necromancy
  3778 | D:4      | Reached skill level 1 in Air Magic
  3778 | D:4      | Reached skill level 1 in Poison Magic
  3778 | D:4      | Reached XP level 6. HP: 52/62 MP: 10/10
  3871 | D:4      | Found a stormy altar of Qazlal.
  3911 | D:4      | Found an ancient bone altar of Kikubaaqudgha.
  4020 | D:4      | Found a sacrificial altar of Ru.
  4505 | D:5      | Entered Level 5 of the Dungeon
  4573 | D:5      | Reached skill level 1 in Conjurations
  4573 | D:5      | Reached XP level 7. HP: 56/70 MP: 11/11
  5640 | D:5      | Found an opulent altar of Gozag.
  5764 | D:5      | Found a glowing silver altar of Zin.
  5885 | D:5      | Found a broken altar of Ashenzari.
  6109 | D:6      | Reached XP level 8. HP: 47/79 MP: 13/13
  6254 | D:6      | Found a staircase to the Ecumenical Temple.
  6262 | Temple   | Entered the Ecumenical Temple
  6564 | D:6      | Found an ornate altar of the Wu Jian Council.
  6796 | D:6      | Reached skill level 5 in Fighting
  7464 | D:6      | Noticed Prince Ribbit
  7497 | D:6      | Killed Prince Ribbit
  7623 | D:6      | Found an iron altar of Okawaru.
  7631 | D:6      | Became a worshipper of Warmaster Okawaru
  7727 | D:6      | Identified a scroll of acquirement
  7727 | D:6      | Acquired the +1 troll leather armour "Uliwkoz" {Regen+
                  | Dex+5}
  7771 | D:7      | Noticed a yak
  7778 | D:7      | Noticed a yak
  7779 | D:7      | Noticed a yak
  7879 | D:6      | Killed a yak
  7880 | D:6      | Reached XP level 9. HP: 80/89 MP: 15/15
  7940 | D:7      | Reached * piety under Okawaru
  7941 | D:7      | Reached skill level 6 in Fighting
  8099 | D:7      | Reached skill level 5 in Spellcasting
  8146 | D:7      | Found a runed translucent door.
  8147 | D:7      | Noticed ouz's ghost (novice OpBr)
  8341 | D:7      | Reached skill level 7 in Fighting
  8349 | D:7      | Reached ** piety under Okawaru
  8350 | D:7      | Reached skill level 5 in Maces & Flails
  8666 | D:7      | Noticed Menkaure
  8673 | D:7      | Killed Menkaure
  9023 | D:8      | Reached skill level 5 in Translocations
  9055 | D:8      | Learned a level 4 spell: Olgreb's Toxic Radiance
  9059 | D:8      | Learned a level 3 spell: Ignite Poison
  9118 | D:8      | Reached XP level 10. HP: 102/102 MP: 18/18
  9171 | D:8      | Reached skill level 1 in Fire Magic
  9492 | D:8      | Noticed a two-headed ogre
  9530 | D:8      | Killed a two-headed ogre
  9530 | D:8      | Reached *** piety under Okawaru
  9593 | D:8      | Reached skill level 5 in Throwing
  9666 | D:8      | Noticed a two-headed ogre
  9688 | D:8      | Killed a two-headed ogre
  9689 | D:8      | Reached skill level 8 in Fighting
  9689 | D:8      | Reached skill level 5 in Dodging
  9768 | D:8      | Received a gift from Okawaru
 10558 | D:9      | Reached XP level 11. HP: 100/111 MP: 20/20
 10770 | D:9      | Found a staircase to the Orcish Mines.
 10802 | D:9      | Found a flagged portal.
 10817 | Bailey   | Entered a bailey
 11191 | D:9      | Gained mutation: You are weak. (Str -2) [potion of
                  | mutation]
 11191 | D:9      | Gained mutation: Your mind is acute. (Int +2) [potion of
                  | mutation]
 11192 | D:9      | Lost mutation: You are weak. (Str -2) [potion of mutation]
 11192 | D:9      | Lost mutation: Your mind is acute. (Int +2) [potion of
                  | mutation]
 11192 | D:9      | Gained mutation: You are partially covered in iridescent
                  | scales. (AC +2) [potion of mutation]
 11192 | D:9      | Gained mutation: You have hidden genetic potential. [potion
                  | of mutation]
 11192 | D:9      | Gained mutation: You have great hidden genetic potential.
                  | [potion of mutation]
 11363 | D:9      | Learned a level 4 spell: Sticky Flame
 11713 | D:9      | Found a shadowy altar of Dithmenos.
 11974 | D:10     | Entered Level 10 of the Dungeon
 12181 | D:10     | Reached **** piety under Okawaru
 12263 | D:10     | Found a runed translucent gate.
 12263 | D:10     | Found a runed translucent gate.
 12263 | D:10     | Found a runed translucent gate.
 12263 | D:10     | Noticed a glowing orange brain
 12264 | D:10     | Noticed ouz's ghost (journeyman MiGl)
 12265 | D:10     | Noticed Erolcha
 12397 | Orc:1    | Entered Level 1 of the Orcish Mines
 12532 | Orc:1    | You fall into a shaft and drop 1 floor!
 12532 | Orc:2    | Entered Level 2 of the Orcish Mines
 12537 | Orc:2    | Noticed an orc knight
 12607 | Orc:2    | Killed an orc knight
 12714 | Orc:2    | Noticed an orc knight
 12716 | Orc:2    | Received a gift from Okawaru
 12816 | Orc:2    | Killed an orc knight
 12963 | Orc:2    | Noticed an orc high priest
 13003 | Orc:2    | Killed an orc high priest
 13108 | Orc:2    | Noticed an orc high priest
 13112 | Orc:2    | Killed an orc high priest
 13112 | Orc:2    | Received a gift from Okawaru
 13113 | Orc:2    | Reached skill level 1 in Invocations
 13141 | Orc:2    | Noticed an orc warlord
 13244 | Orc:2    | Killed an orc warlord
 13245 | Orc:2    | Reached skill level 9 in Fighting
 13245 | Orc:2    | Reached skill level 5 in Poison Magic
 13264 | Orc:2    | Learned a level 3 spell: Teleport Other
 13302 | Orc:2    | Reached ***** piety under Okawaru
 13306 | Orc:2    | Noticed an orc sorcerer
 13329 | Orc:2    | Killed an orc sorcerer
 13338 | Orc:2    | Reached XP level 12. HP: 94/123 MP: 6/22
 13432 | Orc:2    | Gained mutation: You have a pair of small antennae on your
                  | head. [hidden potential]
 14081 | Orc:2    | Paralysed by an orc sorcerer for 3 turns
 14092 | Orc:2    | Learned a level 2 spell: Searing Ray
 14272 | Orc:2    | Found a staircase to the Elven Halls.
 14295 | Elf:1    | Entered Level 1 of the Elven Halls
 14539 | Orc:1    | Noticed Fannar
 14539 | Orc:1    | Noticed Nergalle
 14547 | Orc:2    | Killed Fannar
 14736 | Orc:2    | Noticed an orc warlord
 14759 | Orc:2    | Killed an orc warlord
 14760 | Orc:2    | Reached skill level 5 in Fire Magic
 14985 | Orc:1    | Killed Nergalle
 14985 | Orc:1    | Identified the +5 kite shield of Impermeability {rC++}
                  | (Okawaru gifted it to you on level 1 of the Orcish Mines)
 14985 | Orc:1    | Received a gift from Okawaru
 14986 | Orc:1    | Reached skill level 5 in Conjurations
 15180 | Orc:1    | Noticed Erica
 15186 | Orc:1    | Killed Erica
 15297 | Orc:1    | Reached skill level 1 in Shields
 15521 | Orc:2    | Noticed an orc high priest
 15522 | Orc:2    | Found Belebi's General Store.
 15522 | Orc:2    | Found Deydum's Book Emporium.
 15529 | Orc:2    | Killed an orc high priest
 15530 | Orc:2    | Noticed an orc high priest
 15540 | Orc:2    | Killed an orc high priest
 15540 | Orc:2    | Reached ****** piety under Okawaru
 15541 | Orc:2    | Reached skill level 10 in Fighting
 15541 | Orc:2    | Reached skill level 5 in Invocations
 15661 | Orc:2    | Found Joeff's Antique Armour Emporium.
 15699 | Orc:2    | Found Oneps's Antique Weapon Shoppe.
 15704 | Orc:2    | Bought a smouldering war axe for 187 gold pieces
 15704 | Orc:2    | Identified the +6 war axe of the Head {elec, Contam *Slow
                  | rC+++ Will+++} (You bought it in a shop on level 2 of the
                  | Orcish Mines)
 16204 | D:10     | Killed Erolcha
 16205 | D:10     | Reached skill level 1 in Axes
 16205 | D:10     | Reached XP level 13. HP: 82/133 MP: 15/24
 16315 | D:10     | Gained mutation: You have sharp toenails. [hidden
                  | potential]
 16315 | D:10     | Lost mutation: You have great hidden genetic potential.
                  | [hidden potential expressed]
 16471 | D:10     | Found a staircase to the Lair.
 16993 | D:10     | Found a viscous altar of Jiyva.
 17246 | D:11     | Noticed Maurice
 17259 | D:11     | Killed Maurice
 17271 | D:11     | Found a runed translucent door.
 17271 | D:11     | Noticed HotDog's ghost (novice GrFi)
 17318 | D:11     | Received a gift from Okawaru
 17423 | D:11     | Found a frozen archway.
 17436 | IceCv    | Entered an ice cave
 17576 | IceCv    | Noticed a quicksilver ooze
 17587 | IceCv    | HP: 5/135 [quicksilver ooze (7)]
 17587 | IceCv    | Slain by a quicksilver ooze

Illustrated notes

Levels and vault maps discovered:
D:1:      amcnicky_arrival_underground_garden, layout_basic,
          shapermc_ecumenical_altar_totnotflames
D:2:      layout_loops_ring, minmay_misc_feat_more_columns, minmay_statues_item,
          amcnicky_mini_pool_small
D:3:      minmay_chambers_of_twos, layout_loops_corners,
          mainiacjoe_overflow_cross_hatched, nicolae_tso_carved_into_rock
D:4:      layout_loops_ring, kennysheep_little_box,
          mainiacjoe_overflow_two_lobes, uniq_sigmund
D:5:      layout_rooms, pdpol_temple_overflow_zin_treasury_gozag_greed,
          nicolae_ashenzari_skybound
D:6:      layout_loops_ring, nzn_wu_jian_contemplation,
          okawaru_altar_gauntlet_db, minmay_temple_entry_hall,
          minmay_crossroads, uniq_prince_ribbit1
D:7:      layout_basic, gammafunk_ghost_grave, minmay_misc_feat_secret_circle,
          dreamdust_wishing_well, uniq_menkaure
D:8:      layout_loops_corners, minmay_bent
D:9:      layout_small_grid, nicolae_dithmenos_the_darkroom,
          minmay_orc_entry_temple_small, enter_bailey_3,
          chequers_serial_rivers_micro_d
D:10:     layout_long_grid, erik_lair_dragon, gammafunk_ghost_ooze, uniq_erolcha
D:11:     layout_roguey, portal_ice_cave_entry_ice_simulacra,
          ebering_ghost_inner_flame, nemelex_diamond_rough_becter, uniq_snorg,
          uniq_maurice
Temple:   chequers_temple_sunken
Orc:1:    layout_caves, uniq_fannar, uniq_nergalle, uniq_erica
Orc:2:    st_orc_congregation, layout_caves, basic_altar, minmay_orc_barracks
Elf:1:    eino_elf_arrival_shootout, layout_geoelf_octagon,
          hangedman_elf_represent, nicolae_rare_books,
          nicolae_elf_glass_and_crystal_pillar_2, minivault_16, uniq_agnes
IceCv:    ice_cave_hellmonk_azure_passage

Skill      XL: |  1  2  3  4  5  6  7  8  9 10 11 12 13 |
---------------+----------------------------------------+-----
Maces & Flails | 2 3 4 5 6 7 |  7.5
Fighting       | 3 4 5 7 8 9 10 | 10.4
Translocations | 3 4 5 6 |  6.6
Transmutations | 1 2 4 |  4.1
Spellcasting   | 3 4 5 6 7 8 |  8.2
Throwing       | 2 3 4 5 6 |  6.0
Necromancy     | 1 2 |  2.0
Air Magic      | 1 2 3 |  3.0
Poison Magic   | 1 2 3 5 6 |  6.2
Conjurations   | 1 2 3 4 5 |  5.0
Dodging        | 3 4 5 6 |  6.9
Fire Magic     | 3 4 5 |  5.0
Invocations    | 2 5 |  5.7
Shields        | 2 3 |  3.7
Axes           | 1 |  1.0

Action                   |  1- 3 |  4- 6 |  7- 9 | 10-12 | 13-15 || total
-------------------------+-------+-------+-------+-------+-------++-------
Melee: Mace              |   112 |    31 |       |       |       ||   143
       Punch             |     2 |     2 |     5 |    12 |     2 ||    23
       Dagger            |       |   135 |     7 |       |       ||   142
       Spear             |       |       |   302 |   284 |       ||   586
       War axe           |       |       |       |   237 |   116 ||   353
       Kick              |       |       |       |       |    30 ||    30
Throw: Dart              |    10 |    14 |     3 |    36 |       ||    63
       Boomerang         |     6 |     1 |       |       |       ||     7
       Large rock        |       |       |       |    34 |     5 ||    39
       Throwing net      |       |       |       |     1 |       ||     1
 Cast: Blink             |     2 |       |     4 |    32 |     3 ||    41
       Wereblood         |       |     3 |     8 |    19 |     4 ||    34
       Mephitic Cloud    |       |     1 |    14 |    45 |     2 ||    62
       Olgreb's Toxic Ra |       |       |       |    57 |     7 ||    64
       Ignite Poison     |       |       |       |    26 |     4 ||    30
       Sublimation of Bl |       |       |       |     2 |       ||     2
       Sticky Flame      |       |       |       |       |     2 ||     2
       Teleport Other    |       |       |       |       |     1 ||     1
       Searing Ray       |       |       |       |       |     1 ||     1
Invok: Heroism           |       |       |       |    10 |     2 ||    12
Evoke: Wand              |       |       |       |     1 |       ||     1
  Use: Scroll            |       |       |     8 |     7 |     2 ||    17
       Potion            |       |       |     8 |     9 |     1 ||    18
 Stab: Sleeping          |     4 |       |       |       |       ||     4
       Confused          |       |       |     5 |    13 |     1 ||    19
       Invisible         |       |       |       |     3 |       ||     3
       Distracted        |       |       |       |     1 |       ||     1
Armor: Robe              |    32 |    39 |    19 |       |       ||    90
       Troll leather arm |       |       |    40 |   126 |    43 ||   209
Dodge: Dodged            |    72 |    73 |   152 |   282 |   103 ||   682
Block: Other             |       |    10 |    74 |   123 |    45 ||   252
       Reflection        |       |     1 |     7 |     6 |     4 ||    18
       Kite shield       |       |       |       |       |    17 ||    17

Table legend: (Time is in decaauts)
 A = Elapsed time spent in this place.
 B = Non-inter-level travel time spent in this place.
 C = Inter-level travel time spent in this place.
 D = Time resting spent in this place.
 E = Time spent auto-exploring this place.
 F = Levels seen in this place.
 G = Mean time per level.
                   A        B        C        D        E       F      G
               +--------+--------+--------+--------+--------+-----+--------+
         Total |  17814 |  17529 |    285 |   2684 |   7078 |  17 | 1047.9 |
       Dungeon |  13361 |  13120 |    241 |   2043 |   6087 |  11 | 1214.6 |
        Temple |    186 |    186 |      0 |      0 |    165 |   1 |  186.0 |
  Orcish Mines |   3736 |   3693 |     43 |    546 |    823 |   2 | 1868.0 |
   Elven Halls |      1 |      1 |      0 |      0 |      0 |   1 |    1.0 |
        Bailey |    373 |    373 |      0 |     23 |      3 |   1 |  373.0 |
      Ice Cave |    154 |    154 |      0 |     72 |      0 |   1 |  154.0 |
               +--------+--------+--------+--------+--------+-----+--------+

Top non-repeatable levels by time:
   Orc:2: 3160 daAuts
     D:6: 1731 daAuts
     D:9: 1491 daAuts
     D:8: 1424 daAuts
     D:4: 1395 daAuts
     D:1: 1338 daAuts
     D:5: 1200 daAuts
     D:7: 1178 daAuts
     D:3: 1089 daAuts
     D:2: 1078 daAuts
    D:10: 1068 daAuts
   Orc:1: 575 daAuts
  Bailey: 373 daAuts
    D:11: 364 daAuts
  Temple: 186 daAuts
